 Dungeon Crawl Stone Soup version 0.19.5 (webtiles) character file.

66 equalderp2856 the Scratcher (level 3, -2/17 HPs)
             Began as a Felid Fighter on Mar 18, 2017.
             Slain by a quokka (4 damage)
             ... on level 5 of the Dungeon.
             The game lasted 00:04:33 (2057 turns).

equalderp2856 the Scratcher (Felid Fighter)         Turns: 2057, Time: 00:04:34

Health: -2/17      AC:  1    Str: 13    XL:     3   Next: 96%
Magic:  4/4        EV: 20    Int:  9    God:
Gold:   93         SH:  0    Dex: 15    Spells: 0 memorised, 2 levels left
                                        Lives:  0   Deaths: 0

rFire  . . .     SeeInvis +       - Unarmed
rCold  . . .     Gourm    .     (armour unavailable)
rNeg   . . .     Faith    .     (shield unavailable)
rPois  .         Spirit   .     (helmet unavailable)
rElec  .         Reflect  .     (cloak unavailable)
rCorr  .         Harm     .     (gloves unavailable)
MR     .....                    (boots unavailable)
Stlth  ++........               (no amulet)
                                (no ring)
                                (no ring)

@: quick
A: no armour, no weapons or thrown items, stealth, claws 1, fangs 3, see
invisible, carnivore 3, speed 1, shaggy fur 1, slow metabolism 1, sharp paws
a: no special abilities


You were on level 5 of the Dungeon.
You were full.

You visited 1 branch of the dungeon, and saw 5 of its levels.

You collected 93 gold pieces.

Inventory:

Jewellery
 f - an uncursed ring of protection from cold {unknown}
Scrolls
 d - a scroll of teleportation {unknown}
 e - 2 scrolls of random uselessness {unknown}
 g - a scroll of magic mapping {unknown}
 i - 3 scrolls of fog {unknown}
 k - a scroll of noise {unknown}
Potions
 a - a potion of might
 h - a potion of curing {unknown}
Comestibles
 b - 2 meat rations
 c - a slice of pizza
 j - a beef jerky


   Skills:
 + Level 3.2 Fighting
 + Level 4.6 Dodging
 + Level 1.9 Stealth
 + Level 4.9 Unarmed Combat


You had 2 spell levels left.
You didn't know any spells.

Dungeon Overview and Level Annotations

Branches:
Dungeon (5/15)             Temple (0/1) D:4

Altars:

Annotations:
D:2 Robin


Innate Abilities, Weirdness & Mutations

You cannot wear armour.
You are incapable of wielding weapons or throwing items.
Your paws allow you to move quietly. (Stealth)
You have sharp claws.
You have razor-sharp teeth.
You have supernaturally acute eyesight. (SInv)
You are carnivorous and can eat meat at any time.
You cover ground quickly.
You are covered in fur. (AC +1)
You have a slow metabolism.
Your sharp claws are effective at attacking unaware monsters.


Message History

The gnoll completely misses you.
There is a stone staircase leading down here.
You climb downwards.
A quokka and a troll come into view.
There is a stone staircase leading up here.
The helpless troll fails to defend itself.
You mangle the troll!!
The troll is severely wounded.
You scratch the troll.
The troll is severely wounded.
The troll closely misses you. The troll completely misses you.
The troll closely misses you. The quokka closely misses you.
You closely miss the troll.
The troll is severely wounded.
The troll completely misses you. The troll closely misses you.
The troll claws you!
Ouch! That really hurt!
* * * LOW HITPOINT WARNING * * *
The quokka bites you.
You die... ######## #..T@r.# #.####.# #

You could see a troll and a quokka.

Vanquished Creatures
  A gnoll (D:4)
  2 adders
  A worm (D:2)
  2 leopard geckos
  A bat skeleton (D:2)
  3 giant cockroaches
  4 goblins
  4 hobgoblins
  4 jackals (D:1)
  4 bats
  A frilled lizard (D:1)
  2 kobolds
  4 rats (D:1)
33 creatures vanquished.

Notes
Turn   | Place    | Note
-------+----------+-------------------------------------------
     0 | D:1      | equalderp2856 the Felid Fighter began the quest for the Orb.
     0 | D:1      | Reached XP level 1. HP: 10/10 MP: 2/2
   120 | D:1      | Reached XP level 2. HP: 8/14 MP: 3/3
  1284 | D:2      | Reached XP level 3. HP: 17/17 MP: 4/4
  1340 | D:2      | Found a faded altar of an unknown god.
  1430 | D:2      | Reached skill level 1 in Stealth
  1609 | D:2      | Noticed Robin
  1930 | D:4      | Found a staircase to the Ecumenical Temple.
  2054 | D:5      | Entered Level 5 of the Dungeon
  2054 | D:5      | Noticed a troll
  2057 | D:5      | Slain by a quokka

Skill      XL: |  1  2  3 |
---------------+----------+-----
Stealth        | 1 |  1.9
Fighting       | |  3.2
Dodging        | |  4.6
Unarmed Combat | |  4.9

Action                   || total
-------------------------++-------
Melee: Unarmed           ||    95
       Bite              ||    10
       Punch             ||     1
 Stab: Sleeping          ||     4
  Eat: Chunk             ||     5
Armor: Skin              ||     4
Dodge: Dodged            ||    93
